 Dungeon Crawl Stone Soup version 0.18.1-2-ga659475 (webtiles) character file.

2706 Chiseanne the Skirmisher (level 9, -1/77 (78) HPs)
             Began as a Ghoul Earth Elementalist on May 8, 2016.
             Slain by an ogre
             ... wielding a +0 giant club
              (21 damage)
             ... on level 7 of the Dungeon.
             The game lasted 00:17:48 (5805 turns).

Chiseanne the Skirmisher (Ghoul Earth Elementalist) Turns: 5805, Time: 00:17:49

HP:   -1/77 (78)    AC: 11    Str: 12    XL:     9   Next: 65%
MP:   12/12         EV: 13    Int: 10    God:
Gold: 288           SH:  6    Dex: 14    Spells: 0 memorised, 11 levels left

rFire  . . .     SeeInvis .     a - +2 dagger (venom)
rCold  + . .     Gourm    .     n - +3 leather armour
rNeg   + + +     Faith    .     i - +1 buckler
rPois  ∞         Spirit   .     (no helmet)
rElec  .         Dismiss  .     k - +2 cloak {+Inv}
rCorr  .         Reflect  .     E - +0 pair of gloves
SustAt .         Harm     .     (no boots)
MR     .....                    (no amulet)
Stlth  ++........               C - +2 ring of dexterity
                                j - ring of wizardry

@: rotting, not resistant to hostile enchantments, unstealthy
A: rotting body, claws 1, carnivore 3, cold resistance 1, negative energy
resistance 3, slow regeneration 1, torment resistance, unbreathing
a: Evoke Invisibility


You were on level 7 of the Dungeon.
You were not hungry.

You visited 2 branches of the dungeon, and saw 8 of its levels.

You collected 288 gold pieces.

Inventory:

Hand Weapons
 a - a +2 dagger of venom (weapon)
 s - a +2 whip of flaming
 x - a +0 hand axe of chopping
Missiles
 b - 357 stones (quivered)
 e - 50 sling bullets
 g - 130 bolts
 h - 79 arrows
 m - 2 needles of sleeping
 v - 41 poisoned needles
Armour
 i - a +1 buckler (worn)
 k - a +2 cloak of invisibility (worn)
 n - a +3 leather armour (worn)
 E - a +0 pair of gloves (worn)
 F - a steam dragon hide
Jewellery
 j - a ring of wizardry (left hand)
 C - a +2 ring of dexterity (right hand)
Wands
 q - a wand of digging (19/24)
Scrolls
 o - a scroll of amnesia
 r - 3 scrolls of remove curse
 w - 5 scrolls of identify
 y - a scroll of noise
 z - 2 scrolls of fear
 A - a scroll of torment
Potions
 f - a potion of ambrosia
 u - 2 potions of flight
 B - a potion of haste {unknown}
Books
 c - a book of Geomancy

   Spells                             Type                      Level
   a - Sandblast                      Earth                        1
   b - Passwall                       Transmutation/Earth          2
   c - Stone Arrow                    Conjuration/Earth            3
   d - Petrify                        Transmutation/Earth          4
   e - Lee's Rapid Deconstruction     Earth                        5
 l - a book of Envenomations

   Spells                             Type                      Level
   a - Spider Form                    Transmutation/Poison         3
   b - Olgreb's Toxic Radiance        Poison                       4
   c - Alistair's Intoxication        Transmutation/Poison         5
   d - Poisonous Cloud                Conjuration/Poison/Air       6
 t - a book of Maledictions

   Spells                             Type                      Level
   a - Corona                         Hexes                        1
   b - Ensorcelled Hibernation        Hexes/Ice                    2
   c - Confuse                        Hexes                        3
   d - Tukima's Dance                 Hexes                        3
   e - Dazzling Spray                 Conjuration/Hexes            3
Comestibles
 d - 2 meat rations
 p - a royal jelly
 D - 2 chunks of flesh


   Skills:
 * Level 6.8 Fighting
 * Level 5.7 Armour
 * Level 4.3 Dodging
 - Level 2.1 Stealth
 - Level 4.0 Shields
 - Level 1.7 Spellcasting
   Level 0.8 Transmutations
   Level 3.2 Earth Magic
 * Level 5.8 Evocations


You had 11 spell levels left.
You didn't know any spells.

Dungeon Overview and Level Annotations

Branches:
Dungeon (7/15)             Temple (1/1) D:4

Altars:
Ashenzari
Cheibriados
Dithmenos
Elyvilon
Fedhas
Gozag
Kikubaaqudgha
Makhleb
Nemelex Xobeh
Pakellas
Qazlal
Ru
Sif Muna
Trog
Vehumet
Xom
Yredelemnul
Zin
The Shining One


Innate Abilities, Weirdness & Mutations

Your body is rotting away.
You thrive on raw meat.
You are immune to poison.
You have sharp fingernails.
You are carnivorous and can eat meat at any time.
Your flesh is cold resistant.
You are immune to negative energy.
You regenerate slowly when monsters are visible.
You are immune to unholy pain and torment.
You can survive without breathing.


Message History

You kill the adder!
The howler monkey hoots and howls with incredible vigour!
You completely miss the giant newt. The giant newt completely misses you.
An adder comes into view.
You hit the giant newt.
You kill the giant newt!
You hit the ogre but do no damage.
The ogre is poisoned.
The ogre hits you with a giant club!
* * * LOW HITPOINT WARNING * * *
You hit the ogre.
The ogre is lightly wounded.
The howler monkey hoots and howls with incredible vigour!
A centaur skeleton comes into view.
You hit the ogre but do no damage.
The ogre is lightly wounded.
You block the ogre's attack.
You hit the ogre.
The ogre looks even sicker.
The ogre is moderately wounded.
The ogre hits you with a giant club!!
You die...

#.# #####
#.# #h#
#S# #Z#
## #.# ..
#Z#
#####.#O#
.......@#
#####.###
#. #


You could see an ogre, a howler monkey, an adder, an adder zombie and a quokka
zombie.

Vanquished Creatures
  Pikel (D:5)
  A spriggan (D:7)
  Sigmund (D:4)
  A hungry ghost (D:7)
  A steam dragon (D:7)
  Edmund (D:5)
  A slave (D:5)
  2 ice beasts
  3 phantoms
  2 ogres
  2 centaurs
  A giant frog (D:7)
  A wyvern skeleton (D:7)
  A scorpion (D:6)
  5 howler monkeys
  A crimson imp (D:5)
  A giant frog zombie (D:3)
  An orc priest (D:6)
  2 hounds
  2 iguanas
  An orc wizard (D:4)
  3 worker ants
  A killer bee zombie (D:5)
  5 adders
  2 shadow imps
  5 giant geckos
  9 orcs
  4 giant cockroaches
  4 goblins
  8 hobgoblins
  2 jackals (D:7)
  3 quokkas
  9 bats
  A giant cockroach zombie (D:5)
  3 giant newts
  A jackal skeleton (D:7)
  6 kobolds
  11 rats
109 creatures vanquished.

Vanquished Creatures (others)
  An ice beast (D:5)
1 creature vanquished.

Grand Total: 110 creatures vanquished

Notes
Turn   | Place    | Note
--------------------------------------------------------------
     0 | D:1      | Chiseanne the Ghoul Earth Elementalist began the quest for the Orb.
     0 | D:1      | Reached XP level 1. HP: 14/14 MP: 2/2
   343 | D:1      | Reached XP level 2. HP: 20/22 MP: 0/3
   421 | D:1      | Reached skill level 1 in Fighting
   554 | D:1      | Reached skill level 1 in Shields
   855 | D:2      | Reached skill level 1 in Evocations
   874 | D:2      | Reached XP level 3. HP: 24/28 MP: 4/4
   951 | D:2      | Reached skill level 1 in Armour
   961 | D:2      | Found a shattered altar of Ashenzari.
  1599 | D:3      | Reached XP level 4. HP: 22/35 MP: 5/5
  1934 | D:3      | Reached skill level 2 in Fighting
  2113 | D:4      | Found a staircase to the Ecumenical Temple.
  2305 | D:3      | Reached XP level 5. HP: 10/41 MP: 6/6
  2544 | Temple   | Entered the Ecumenical Temple
  2877 | D:4      | Found a burning altar of Makhleb.
  2916 | D:4      | Noticed an ogre
  2923 | D:4      | Killed an ogre
  2923 | D:4      | Reached XP level 6. HP: 50/50 MP: 7/7
  3146 | D:4      | Noticed Sigmund
  3178 | D:4      | Killed Sigmund
  3178 | D:4      | Reached skill level 3 in Fighting
  3178 | D:4      | Reached XP level 7. HP: 48/57 MP: 8/8
  3528 | D:5      | Entered Level 5 of the Dungeon
  3539 | D:5      | Noticed Pikel
  3579 | D:5      | Killed Pikel
  3579 | D:5      | Reached skill level 4 in Fighting
  3579 | D:5      | Reached XP level 8. HP: 17/67 MP: 8/10
  4035 | D:5      | Noticed Edmund
  4053 | D:5      | Killed Edmund
  4053 | D:5      | Reached skill level 5 in Fighting
  4220 | D:5      | Found a snail-covered altar of Cheibriados.
  4273 | D:5      | Found an opulent altar of Gozag.
  4774 | D:6      | Found an oddly glowing altar of Pakellas.
  4886 | D:6      | Reached skill level 5 in Evocations
  4886 | D:6      | Reached XP level 9. HP: 61/75 MP: 11/11
  4938 | D:6      | Found a glowing golden altar of the Shining One.
  5215 | D:6      | Reached skill level 5 in Armour
  5307 | D:6      | Found a bloodstained altar of Trog.
  5314 | D:6      | Found a glowing silver altar of Zin.
  5546 | D:7      | Reached skill level 6 in Fighting
  5805 | D:7      | Slain by an ogre

Skill      XL: |  1  2  3  4  5  6  7  8  9 |
---------------+----------------------------+-----
Fighting       | 1 2 3 4 5 6 |  6.8
Shields        | 1 2 3 4 |  4.0
Evocations     | 1 2 3 4 5 |  5.8
Armour         | 1 2 3 4 5 |  5.7
Dodging        | 3 4 |  4.3
Stealth        | |  2.1
Spellcasting   | |  1.7
Transmutations | |  0.8
Earth Magic    | |  3.2

Action                   |  1- 3 |  4- 6 |  7- 9 || total
-------------------------+-------+-------+-------++-------
Melee: Short sword       |    72 |       |       ||    72
       Hand axe          |   101 |    95 |       ||   196
       Dagger            |       |    41 |   246 ||   287
       Whip              |       |       |   131 ||   131
Throw: Stone             |     8 |     1 |       ||     9
 Cast: Sandblast         |     5 |       |       ||     5
Evoke: Wand              |       |     5 |       ||     5
  Use: Scroll            |    11 |       |     4 ||    15
       Potion            |       |     6 |       ||     6
 Stab: Sleeping          |     1 |       |     1 ||     2
       Fleeing           |       |       |     1 ||     1
  Eat: Chunk             |    12 |    14 |    29 ||    55
Armor: Robe              |     5 |       |       ||     5
       Ring mail         |    77 |    12 |       ||    89
       Scale mail        |       |    23 |       ||    23
       Leather armour    |       |    29 |   112 ||   141
Dodge: Dodged            |   102 |    71 |   166 ||   339
Block: Buckler           |    35 |    33 |    88 ||   156
